 Dungeon Crawl Stone Soup version 0.30-a0-1160-g6e42c06551 (webtiles) character file.

Game seed: 12164420701085980744

492 sillyenderman the Chopper (level 6, -4/56 HPs)
             Began as a Draconian Berserker on Apr 25, 2023.
             Was a Priest of Trog.
             Slain by an ice beast (12 damage)
             ... on level 5 of the Dungeon on Apr 27, 2023.
             The game lasted 00:28:15 (4207 turns).

sillyenderman the Chopper (Draconian Berserker)     Turns: 4207, Time: 00:28:15

Health: -4/56      AC:  6    Str: 19    XL:     6   Next: 91%
Magic:  6/6        EV: 13    Int:  9    God:    Trog [***...]
Gold:   301        SH:  0    Dex: 11    Spells: 5/5 levels left

rFire   . . .        a - +0 hand axe
rCold   . . .        (no shield)
rNeg    . . .        (body armour unavailable)
rPois   .            (helmet restricted)
rElec   .            (no cloak)
rCorr   .            (no gloves)
SInv    .            (no boots)
Will    .....        e - amulet of regeneration
Stlth   +            (no ring)
HPRegen 1.09/turn    (no ring)
MPRegen 0.10/turn

%: no passive effects
@: about to teleport, slowed, very slow
A: AC +6, unfitting armour, cold-blooded
a: Renounce Religion, Berserk, Trog's Hand


You were on level 5 of the Dungeon.
You worshipped Trog.
Trog was most pleased with you.
You visited 1 branch of the dungeon, and saw 5 of its levels.

You collected 301 gold pieces.

Inventory:

Hand Weapons
 a - a +0 hand axe (weapon)
Magical Staves
 o - a staff of death
Jewellery
 e - an amulet of regeneration (around neck)
Wands
 m - a wand of flame (15)
Scrolls
 b - 5 scrolls of teleportation
 c - a scroll of fear {unknown}
 d - a scroll of fog {unknown}
 j - 2 scrolls of identify {unknown}
Potions
 f - 2 potions of attraction {unknown}
 g - a potion of heal wounds {unknown}
 h - a potion of lignification {unknown}
 i - a potion of cancellation {unknown}
 k - a potion of invisibility {unknown}
 l - a potion of haste {unknown}
 n - a potion of degeneration {unknown}


   Skills:
 + Level 5.0 Fighting
 + Level 5.7 Axes
 + Level 4.3 Dodging
 + Level 1.0 Stealth
 + Level 0.1 Evocations


You had 5 spell levels left.
You didn't know any spells.
Your spell library contained the following spells:

 Spells                   Type           Power      Damage    Failure   Level
 Inner Flame              Hex/Fire       0%         N/A       77%         3
 Flame Wave               Conj/Fire      0%         2d4       99%         4
 Sticky Flame             Conj/Fire      0%         2d3       99%         4


Dungeon Overview and Level Annotations

Branches:
Dungeon (5/15)
 Temple: D:4-7

Altars:


Innate Abilities, Weirdness & Mutations

Your plain brown scales are hard. (AC +6)
You cannot fit into any form of body armour.
You are cold-blooded and may be slowed by cold attacks.


Message History

The orc is lightly wounded.
You hit the hound. The hound bites you.
A gnoll sergeant comes into view. It is wielding a +0 spear.
The hound completely misses you.
You hit something but do no damage. You hit the ice beast.
You completely miss the hound. The hound closely misses you.
The ice beast hits you. The ice beast freezes you!
The howler monkey hoots and howls with incredible vigour!
You hear an angry hiss.
You hear a bark! x2
You hit the ice beast.
The ice beast is moderately wounded.
You barely miss something. You hit the hound. The hound barely misses you.
You hear some strange, mumbled words.
A magic dart appears from out of thin air!
The magic dart hits you! The ice beast barely misses you.
The hound closely misses you.
As you read the scroll of teleportation, it crumbles to dust.
You feel strangely unstable. The hound misses you. The ice beast hits you.
The ice beast freezes you!
You feel yourself slow down.
An iguana comes into view.
Unknown command.
Unknown command.
You barely miss the hound.
The hound is moderately wounded.
You barely miss something. You hit the orc but do no damage.
You closely miss the ice beast. You hit the howler monkey. The hound bites you.
The howler monkey hits you.
* * * LOW HITPOINT WARNING * * *
The hound bites you.
* * * LOW HITPOINT WARNING * * *
You hear some strange, mumbled words.
A puff of flame appears from out of thin air!
The puff of flame hits you.
* * * LOW HITPOINT WARNING * * *
The ice beast closely misses you. The orc barely misses you.
The howler monkey barely misses you. The hound barely misses you.
The orc closely misses you. The ice beast hits you.
* * * LOW HITPOINT WARNING * * *
The ice beast freezes you!
You die...

.# .## ..## #..# '..#
#..## ######
##..#####....### ####
##.....#....))##o..#...
#####......#.o@Yog....
##....†##h{h5...l.
#####(...........
#...........8
#####........ #....#...
#........ #.#####..


You could see an ice beast, a gnoll sergeant, a howler monkey, an iguana, a
hound, a shadow imp and 3 orcs.

Vanquished Creatures
  An ogre (D:5)
  A jelly (D:4)
  3 hounds
  A sleepcap (D:5)
  Jessica (D:2)
  2 iguanas
  An orc wizard (D:4)
  Robin (D:3)
  5 adders
  11 orcs
  5 bats
  3 endoplasms
  12 goblins
  9 hobgoblins
  2 jackals (D:4)
  13 kobolds
  4 quokkas
  5 ball pythons
  4 rats
84 creatures vanquished.

Vanquished Creatures (others)
  An orc priest (D:4)
1 creature vanquished.

Grand Total: 85 creatures vanquished

Notes
Turn   | Place    | Note
-------+----------+-------------------------------------------
     0 | D:1      | sillyenderman the Draconian Berserker began the quest for
                  | the Orb.
     0 | D:1      | Reached XP level 1. HP: 19/19 MP: 1/1
   247 | D:1      | Reached XP level 2. HP: 24/26 MP: 2/2
  1634 | D:2      | Noticed Jessica
  1643 | D:2      | Killed Jessica
  1644 | D:2      | Reached XP level 3. HP: 15/33 MP: 3/3
  1834 | D:2      | Found a faded altar of an unknown god.
  1862 | D:2      | Reached ** piety under Trog
  2207 | D:2      | Reached XP level 4. HP: 40/40 MP: 4/4
  2670 | D:3      | Noticed Robin
  2686 | D:3      | Killed Robin
  3195 | D:4      | Reached XP level 5. HP: 28/47 MP: 5/5
  3708 | D:4      | Reached XP level 6. HP: 20/53 MP: 6/6
  3822 | D:4      | Reached *** piety under Trog
  3978 | D:5      | Entered Level 5 of the Dungeon
  3988 | D:5      | Reached skill level 5 in Axes
  4038 | D:5      | Reached skill level 1 in Stealth
  4123 | D:5      | Reached skill level 5 in Fighting
  4199 | D:5      | Noticed an ice beast
  4207 | D:5      | Slain by an ice beast

Illustrated notes

Levels and vault maps discovered:
D:1:      moated_graveyard_arrival, layout_basic
D:2:      layout_loops_corners, chequers_ecumenical_altar_simple, wad_orctagon,
          uniq_jessica
D:3:      layout_rooms, uniq_robin
D:4:      layout_basic, hangedman_decor_slide_cut, kennysheep_nondescript
D:5:      minmay_chambers_of_threes, layout_rooms, minmay_misc_feat_encased,
          st_stairs_1, nicolae_shop_dragon_depot, grunt_ministairs_14

Skill      XL: |  1  2  3  4  5  6 |
---------------+-------------------+-----
Dodging        | 3 4 |  4.3
Fighting       | 4 5 |  5.0
Axes           | 4 5 |  5.7
Stealth        | 1 |  1.0
Evocations     | |  0.1

Action                     |  1- 3 |  4- 6 || total
---------------------------+-------+-------++-------
  Melee: Hand axe          |    87 |   205 ||   292
         Tailslap          |     4 |    26 ||    30
         Punch             |       |     1 ||     1
 Invoke: Berserk           |     1 |       ||     1
  Evoke: Wand              |       |     2 ||     2
    Use: Scroll            |       |     2 ||     2
 Armour: Skin              |    34 |    77 ||   111
  Dodge: Dodged            |    75 |   159 ||   234

Table legend: (Time is in decaauts)
 A = Elapsed time spent in this place.
 B = Non-inter-level travel time spent in this place.
 C = Inter-level travel time spent in this place.
 D = Time resting spent in this place.
 E = Time spent auto-exploring this place.
 F = Levels seen in this place.
 G = Mean time per level.
                   A        B        C        D        E       F      G
               +--------+--------+--------+--------+--------+-----+--------+
         Total |   4246 |   4246 |      0 |      0 |     32 |   5 |  849.2 |
       Dungeon |   4246 |   4246 |      0 |      0 |     32 |   5 |  849.2 |
               +--------+--------+--------+--------+--------+-----+--------+

Top non-repeatable levels by time:
     D:1: 1309 daAuts
     D:2: 1276 daAuts
     D:4: 806 daAuts
     D:3: 623 daAuts
     D:5: 231 daAuts
